 Dungeon Crawl Stone Soup version 0.30.0-5-g1a98f26d00 (webtiles) character file.

Game seed: 1677993482420729648

4556 SnakkuSnakku7 the Jinx (level 10, -6/74 HPs)
             Began as a Vampire Hedge Wizard on May 9, 2023.
             Was a Follower of Uskayaw.
             Mangled by an unseen horror simulacrum (16 damage)
             ... on level 8 of the Dungeon.
             The game lasted 00:20:17 (8260 turns).

SnakkuSnakku7 the Jinx (Vampire Hedge Wizard)       Turns: 8260, Time: 00:20:20

Health: -6/74      AC:  8    Str:  9    XL:     10   Next: 18%
Magic:  14/14      EV: 12    Int: 21    God:    Uskayaw [*.....]
Gold:   427        SH:  0    Dex: 14    Spells: 10/15 levels left

rFire   . . .        r - +1 dagger (venom)
rCold   . . .        f - orb {guile}
rNeg    . . .        b - +0 robe
rPois   .            c - +0 hat
rElec   .            Q - +2 cloak
rCorr   +            s - +0 pair of gloves
SInv    +            y - +1 pair of boots
Will    .....        (no amulet)
Stlth   ++++         m - ring of resist corrosion
HPRegen 0.52/turn    (no ring)
MPRegen 0.14/turn

%: no passive effects
@: healing quickly
A: alive, fangs 3, see invisible, vampiric 2
a: Exsanguinate, Renounce Religion, Stomp


You were on level 8 of the Dungeon.
You worshipped Uskayaw.
Uskayaw was noncommittal.
You visited 1 branch of the dungeon, and saw 8 of its levels.
You also visited: Sewer and Ossuary.

You collected 536 gold pieces.
You spent 109 gold pieces at shops.

Inventory:

Hand Weapons
 a - a +0 dagger
 r - a +1 dagger of venom (weapon)
 u - the +3 Elemental Staff {rElec rF+ rC+ AC+3}
   (You found it in a sewer)

   It enhances your fire, ice, earth and air magic.
   AC:        It affects your AC (+3).
   rF:        It protects you from fire.
   rC:        It protects you from cold.
   rElec:     It insulates you from electricity.
Missiles
 h - a throwing net
 w - 4 curare-tipped darts
Armour
 b - a +0 robe (worn)
 c - a +0 hat (worn)
 f - an orb of guile (worn)
 s - a +0 pair of gloves (worn)
 y - a +1 pair of boots (worn)
 Q - a +2 cloak (worn)
Jewellery
 m - a ring of resist corrosion (left hand)
Wands
 F - a wand of iceblast (8)
 J - a wand of mindburst (22)
 N - a wand of flame (38)
 P - a wand of paralysis (28)
Scrolls
 g - 6 scrolls of amnesia
 k - 2 scrolls of teleportation
 o - a scroll of magic mapping
 x - 3 scrolls of noise {unknown}
 A - a scroll of blinking
 C - 2 scrolls of enchant weapon {unknown}
 E - a scroll of summoning {unknown}
 G - a scroll of vulnerability
 K - a scroll of torment {unknown}
 M - 2 scrolls of enchant armour
Potions
 d - 3 potions of magic
 e - a potion of ambrosia
 i - a potion of resistance
 j - 8 potions of mutation
 l - a potion of might
 n - 7 potions of curing
 p - 2 potions of flight {unknown}
 q - 2 potions of degeneration {unknown}
 t - a potion of experience {unknown}
 v - 2 potions of heal wounds {unknown}
 z - 2 potions of brilliance {unknown}
 B - a potion of berserk rage {unknown}
 D - 2 potions of haste
 H - a potion of attraction
 I - a potion of cancellation
 L - 2 potions of invisibility {unknown}
 O - a potion of lignification {unknown}


   Skills:
 - Level 5.0 Fighting
 - Level 6.0 Short Blades
 - Level 2.1 Dodging
 - Level 10.0 Stealth
 - Level 3.0 Spellcasting
 - Level 0.6 Conjurations
 + Level 13.3 Hexes
 - Level 5.5 Summonings
 - Level 0.7 Translocations


You had 10 spell levels left.
You knew the following spells:

 Your Spells              Type           Power      Damage    Failure   Level
a - Ensorcelled Hibernat  Hex/Ice        62%        N/A       1%          2
b - Call Imp              Summ           52%        N/A       1%          2
c - Slow                  Hex            100%       N/A       1%          1

Your spell library contained the following spells:

 Spells                   Type           Power      Damage    Failure   Level
 Summon Small Mammal      Summ           100%       N/A       1%          1
 Cause Fear               Hex            28%        N/A       1%          4
 Inner Flame              Hex/Fire       31%        N/A       2%          3
 Apportation              Tloc           12%        N/A       10%         1
 Magic Dart               Conj           20%        1d4       11%         1
 Necrotise                Necr           12%        1d4       13%         1
 Blink                    Tloc           12%        N/A       16%         2
 Lesser Beckoning         Tloc           12%        N/A       16%         2
 Cigotuvi's Dreadful Rot  Necr/Pois/Air  6%         N/A       21%         2
 Gell's Gravitas          Tloc           6%         N/A       30%         3
 Teleport Other           Tloc           6%         N/A       30%         3
 Mephitic Cloud           Conj/Pois/Air  3%         N/A       36%         3
 Flame Wave               Conj/Fire      4%         2d5       75%         4
 Sticky Flame             Conj/Fire      4%         2d3       75%         4
 Dragon Form              Tmut           1%         N/A       100%        7
 Dragon's Call            Summ           13%        N/A       100%        9


Dungeon Overview and Level Annotations

Branches:
Dungeon (8/15)             Temple (0/1) D:7           Sewer (visited)
Ossuary (visited)
   Lair: D:8-11

Altars:
Dithmenos
Fedhas
Gozag
Hepliaklqana
Makhleb
Uskayaw
Wu Jian
Xom

Shops:
D:4 [=[:   D:6 =

Annotations:
D:8 Maggie


Innate Abilities, Weirdness & Mutations

Your natural rate of healing is accelerated.
You have razor-sharp teeth.
You have supernaturally acute eyesight. (SInv)
You are afflicted with vampirism and can become a bat while bloodless.


Message History

The unseen horror simulacrum freezes you!
Unknown command.
As you read the scroll of teleportation, it crumbles to dust.
You feel strangely unstable.
The unseen horror simulacrum hits you but does no damage.
The unseen horror simulacrum barely misses you.
The unseen horror simulacrum closely misses you.
You swap places.
The unseen horror simulacrum misses your cerulean imp.
A wolf comes into view.
The unseen horror simulacrum hits your cerulean imp.
The unseen horror simulacrum freezes your cerulean imp!
Your cerulean imp dies!
Your cerulean imp disappears in a puff of smoke!
The unseen horror simulacrum attacks as you move away!
The unseen horror simulacrum closely misses you.
Your surroundings suddenly seem different.
Unknown command.
The sentinel's mark upon you fades away.
The unseen horror simulacrum attacks as you move away!
The unseen horror simulacrum closely misses you.
The unseen horror simulacrum hits you but does no damage. x2
The wolf barely misses you.
The unseen horror simulacrum attacks as you move away!
The unseen horror simulacrum hits you.
The unseen horror simulacrum freezes you!
The unseen horror simulacrum hits you but does no damage.
The unseen horror simulacrum attacks as you move away!
The unseen horror simulacrum hits you but does no damage.
The wolf attacks as you move away! The wolf bites you but does no damage.
The unseen horror simulacrum hits you.
The unseen horror simulacrum freezes you!
There is a stone staircase leading up here.
The unseen horror simulacrum hits you.
The unseen horror simulacrum freezes you!!
* * * LOW HITPOINT WARNING * * *
The wolf bites you but does no damage. The unseen horror simulacrum hits you!
* * * LOW HITPOINT WARNING * * *
The unseen horror simulacrum freezes you!
You die...

#.....))............
####...##.....##....
#..###..#[.###.#.
#.รท##..###..##...
#......###.......
#.#..#..#........
#.##.#...........
#####Z.....#####.#.#.
#...@h...#...........
#.#########......#...
#.# #........... #.#
##...#..@#.#. #.#
#..........## #.#
#....#...#.##
#.#######........#>##
#.........#..#..##...
#########.#.....#####


You could see a wolf and an unseen horror simulacrum.

Vanquished Creatures
  Pikel (D:5)
  Maurice (D:8)
  A polar bear (D:8)
  A yak (D:8)
  A water moccasin (D:5)
  A sky beast (D:7)
  3 ice beasts
  2 black bears
  2 ogres
  A centaur (D:7)
  A phantom (D:6)
  A kobold brigand (D:7)
  2 gnoll sergeants
  3 bullfrogs
  2 scorpions
  A hornet simulacrum (D:8)
  5 killer bees (D:8)
  2 howler monkeys
  3 centaur zombies (Ossuary)
  3 orc priests
  2 gnoll boudas (D:5)
  9 hounds
  A jelly (D:8)
  4 iguanas
  2 orc wizards (D:3)
  A centaur simulacrum (D:8)
  An ogre zombie (Ossuary)
  A killer bee simulacrum (D:8)
  3 mummies (Ossuary)
  18 gnolls
  9 adders
  A river rat (D:5)
  6 white imps
  2 ufetubi
  3 adder zombies (Ossuary)
  A worm (D:5)
  A dart slug (D:1)
  10 orcs
  3 endoplasms
  8 giant cockroaches
  9 goblins
  7 hobgoblins
  3 jackals (D:5)
  5 quokkas
  11 ball pythons
  5 bats
  6 frilled lizards
  3 goblin zombies (Ossuary)
  5 hobgoblin zombies (Ossuary)
  12 kobolds
  4 kobold zombies (Ossuary)
  2 quokka zombies (Ossuary)
  9 rats
  5 rat zombies (Ossuary)
209 creatures vanquished.

Vanquished Creatures (collateral kills)
  An ogre (D:4)
  A bullfrog (D:7)
  A troll zombie (Ossuary)
  A wyvern simulacrum (D:8)
  A jelly (D:6)
  Ijyb (D:5)
  4 mummies (Ossuary)
  3 gnolls
  2 worms
  An orc (D:2)
  A ball python (D:1)
  A bat (D:3)
  A hobgoblin zombie (Ossuary)
  A kobold zombie (Ossuary)
  A quokka zombie (Ossuary)
  A rat (D:3)
22 creatures vanquished.

Grand Total: 231 creatures vanquished

Notes
Turn   | Place    | Note
-------+----------+-------------------------------------------
     0 | D:1      | SnakkuSnakku7 the Vampire Hedge Wizard began the quest for
                  | the Orb.
     0 | D:1      | Reached XP level 1. HP: 13/13 MP: 4/4
   116 | D:1      | Reached skill level 1 in Short Blades
   150 | D:1      | Reached XP level 2. HP: 19/19 MP: 6/6
   355 | D:1      | Learned a level 2 spell: Call Imp
   670 | D:2      | Gained mutation: You are afflicted with vampirism and can
                  | become a bat while bloodless. [Vampire growth]
   670 | D:2      | Reached XP level 3. HP: 24/24 MP: 7/7
  1162 | D:2      | Reached XP level 4. HP: 22/30 MP: 3/8
  1549 | D:3      | Found an ornate altar of the Wu Jian Council.
  1908 | D:3      | Reached XP level 5. HP: 17/35 MP: 6/9
  2581 | D:4      | Found Ganlic's Armour Emporium.
  2583 | D:4      | Found Etzoson's Jewellery Emporium.
  2610 | D:4      | Noticed an ogre
  2688 | D:4      | Found a shimmering altar of Xom.
  2697 | D:4      | Found a shimmering altar of Xom.
  2701 | D:4      | Killed an ogre
  2702 | D:4      | Reached skill level 5 in Summonings
  2702 | D:4      | Reached XP level 6. HP: 13/41 MP: 7/10
  2807 | D:4      | Found Fuz Gieq's Tiny Tomes.
  2840 | D:4      | Bought the Opusculum on Freezing for 60 gold pieces
  2851 | D:4      | Learned a level 2 spell: Ensorcelled Hibernation
  3082 | D:4      | Found a shimmering altar of Xom.
  3253 | D:4      | Reached skill level 1 in Hexes
  3364 | D:4      | Reached skill level 2 in Hexes
  3438 | D:4      | Found a shimmering altar of Xom.
  3454 | D:4      | Found Qotwoc's Armour Emporium.
  3454 | D:4      | Noticed an animated plate armour
  3454 | D:4      | Noticed an animated crystal plate armour
  3463 | D:4      | Bought a +0 pair of boots for 49 gold pieces
  3560 | D:4      | Reached skill level 3 in Hexes
  3708 | D:5      | Entered Level 5 of the Dungeon
  3735 | D:5      | Reached skill level 4 in Hexes
  3735 | D:5      | Reached XP level 7. HP: 34/46 MP: 11/11
  3830 | D:5      | Reached skill level 5 in Hexes
  3834 | D:5      | Reached skill level 6 in Hexes
  3854 | D:5      | Found a glowing drain.
  3891 | D:5      | Noticed Ijyb
  3912 | Sewer    | Entered a sewer
  4075 | Sewer    | Found the +3 Elemental Staff {rElec rF+ rC+ AC+3}
  4124 | Sewer    | Reached skill level 5 in Short Blades
  4183 | D:5      | Found a sand-covered staircase.
  4192 | Ossuary  | Entered an ossuary
  4206 | Ossuary  | Learned a level 1 spell: Slow
  4361 | Ossuary  | HP: 2/46 [troll zombie (6)]
  4370 | Ossuary  | Reached XP level 8. HP: 6/52 MP: 10/12
  4582 | Ossuary  | Reached skill level 7 in Hexes
  4765 | Ossuary  | Reached skill level 8 in Hexes
  5020 | D:5      | Reached skill level 9 in Hexes
  5085 | D:5      | Found a blossoming altar of Fedhas.
  5151 | D:5      | Reached skill level 10 in Hexes
  5249 | D:5      | Noticed Pikel
  5255 | D:5      | Killed Ijyb
  5256 | D:5      | Reached skill level 5 in Stealth
  5273 | D:5      | Killed Pikel
  5274 | D:5      | Reached XP level 9. HP: 39/57 MP: 10/13
  5300 | D:5      | Found a burning altar of Makhleb.
  5819 | D:6      | Reached skill level 10 in Stealth
  5900 | D:6      | Reached skill level 1 in Fighting
  6556 | D:6      | Found a hide-covered altar of Uskayaw.
  6556 | D:6      | Found a hazy altar of Hepliaklqana.
  6561 | D:6      | Became a worshipper of Uskayaw the Reveller
  6608 | D:6      | Found Riatir's Jewellery Emporium.
  6767 | D:7      | Reached * piety under Uskayaw
  7160 | D:7      | Reached skill level 5 in Fighting
  7178 | D:7      | Found a staircase to the Ecumenical Temple.
  7549 | D:8      | Reached skill level 11 in Hexes
  7712 | D:8      | Reached ** piety under Uskayaw
  7714 | D:8      | Reached *** piety under Uskayaw
  7716 | D:8      | Reached **** piety under Uskayaw
  7729 | D:8      | Reached skill level 12 in Hexes
  7897 | D:8      | Noticed Maurice
  7911 | D:8      | Killed Maurice
  7912 | D:8      | Reached XP level 10. HP: 64/74 MP: 9/14
  7949 | D:8      | Found an opulent altar of Gozag.
  7982 | D:8      | Found a shadowy altar of Dithmenos.
  8048 | D:8      | Reached skill level 13 in Hexes
  8244 | D:8      | Noticed Maggie
  8260 | D:8      | Mangled by an unseen horror simulacrum

Illustrated notes

Levels and vault maps discovered:
D:1:      minmay_arrival_jagged, layout_basic
D:2:      layout_loops_ring
D:3:      layout_loops_corners, mainiacjoe_overflow_boulevard
D:4:      layout_loops_ring, xom_redecorated, serial_shops,
          nicolae_shop_mannequins, minivault_5,
          nicolae_shop_i_like_small_books_too, chequers_serial_rivers_marsh,
          chequers_serial_rivers_micro_d, mrwooster_statue_mirror,
          nicolae_wooded_promenade
D:5:      layout_basic, fedhas_altar_decomposition,
          mainiacjoe_overflow_brackets, enter_ossuary_1, portal_sewer_entry_a,
          uniq_pikel, uniq_ijyb
D:6:      layout_basic, gammafunk_temple_overflow_statue, serial_shops,
          nicolae_square_shop
D:7:      layout_rooms, temple_pool_b, serial_curves, eino_curves_04,
          eino_curves_03
D:8:      layout_loops_ring, nicolae_dithmenos_shadow_blocks,
          grunt_gozag_statues, serial_ice, serial_ice_f, serial_ice_i,
          serial_ice_c, serial_ice_n, uniq_joseph, uniq_maggie, uniq_maurice

Skill      XL: |  1  2  3  4  5  6  7  8  9 10 |
---------------+-------------------------------+-----
Short Blades   | 1 2 3 4 6 |  6.0
Summonings     | 2 3 5 |  5.5
Hexes          | 4 6 10 12 13 | 13.3
Stealth        | 8 10 | 10.0
Fighting       | 5 |  5.0
Dodging        | |  2.1
Spellcasting   | |  3.0
Conjurations   | |  0.6
Translocations | |  0.7

Action                     |  1- 3 |  4- 6 |  7- 9 | 10-12 || total
---------------------------+-------+-------+-------+-------++-------
  Melee: Dagger            |   121 |   206 |   531 |    32 ||   890
         Bite              |    12 |    14 |    71 |     5 ||   102
         Punch             |     1 |     2 |       |       ||     3
   Cast: Call Imp          |     5 |    11 |    15 |     2 ||    33
         Ensorcelled Hiber |       |     1 |    54 |     6 ||    61
         Slow              |       |       |    16 |       ||    16
  Evoke: Wand              |       |       |     6 |     3 ||     9
    Use: Scroll            |       |    10 |     8 |     1 ||    19
   Stab: Sleeping          |     9 |     7 |    53 |     5 ||    74
         Distracted        |       |       |     4 |       ||     4
 Armour: Robe              |    22 |    19 |   152 |    21 ||   214
  Dodge: Dodged            |    80 |    88 |   267 |    31 ||   466
